 Dungeon Crawl Stone Soup version 0.30-a0-54-g2e61a25929 (webtiles) character file.

Game seed: 7366606375836060040

75475 Newt the Markskobold (level 15, -16/87 HPs)
             Began as a Kobold Hunter on Sept 7, 2022.
             Was an Elder of Hepliaklqana.
             Demolished by a tyrant leech (19 damage)
             ... while paralysed by a fenstrider witch
             ... on level 2 of the Swamp on Sept 8, 2022.
             The game lasted 00:32:19 (19222 turns).

Newt the Markskobold (Kobold Hunter)               Turns: 19222, Time: 00:32:20

Health: -16/87     AC: 21    Str: 13    XL:     15   Next: 98%
Magic:  0/25       EV:  3    Int: 11    God:    Hepliaklqana [****..]
Gold:   682        SH:  0    Dex: 32    Spells: 25/28 levels left

rFire   . . .      SeeInvis +    a - +4 shortbow (flame)
rCold   . . .      Faith    .    (shield currently unavailable)
rNeg    + . .      Spirit   +    y - +2 scale mail of Limited Liability {Dex+3 SInv}
rPois   +          Reflect  .    (no helmet)
rElec   .          Harm     .    K - +4 cloak "Athamacu" {rPois}
rCorr   .          Rampage  .    (no gloves)
Will    +....      Clarity  +    p - +0 pair of boots
Stlth   ++++......               d - amulet "Eposuni" {Spirit rN+ Slay+3}
HPRegen 0.24/turn                q - +6 ring of dexterity
MPRegen 0.19/turn                r - +4 ring of protection

@: paralysed
A: reduced essence, small, no large weapons, nightstalker 3, clarity, shaggy fur
1, strong 1, MP-powered wands
a: Renounce Religion, Recall Ancestor, Ancestor Identity, Transference, Idealise


You were on level 2 of the Swamp.
You worshipped Hepliaklqana.
Hepliaklqana was greatly pleased with you.
You visited 4 branches of the dungeon, and saw 16 of its levels.
You also visited: Gauntlet.

You collected 1282 gold pieces.
You spent 600 gold pieces at shops.

Inventory:

Hand Weapons
 a - a +4 shortbow of flaming (weapon)
Missiles
 x - 3 throwing nets
Armour
 p - a +0 pair of boots (worn)
 y - the +2 scale mail of Limited Liability (worn) {Dex+3 SInv}
   (You found it on level 8 of the Dungeon)

   Dex:       It affects your dexterity (+3).
   SInv:      It lets you see invisible.
 K - the +4 cloak "Athamacu" (worn) {rPois}
   (You found it in a Gauntlet)

   rPois:     It protects you from poison.
 Q - the +1 cloak of Unreason {Str+3 Int+2 Dex-4}
   (You found it in a Gauntlet)

   Str:       It affects your strength (+3).
   Int:       It affects your intelligence (+2).
   Dex:       It affects your dexterity (-4).
Jewellery
 b - a ring of protection from cold
 c - a ring of positive energy
 d - the amulet "Eposuni" (around neck) {Spirit rN+ Slay+3}
   (You acquired it on level 2 of the Dungeon)

   [amulet of guardian spirit]

   It causes incoming damage to be divided between your reserves of health and
   magic.
   Slay:      It affects your accuracy & damage with ranged weapons and melee
   (+3).
   rN:        It protects you from negative energy.
 m - an amulet of guardian spirit
 q - a +6 ring of dexterity (left hand)
 r - a +4 ring of protection (right hand)
 s - a ring of willpower
 A - a ring of positive energy
 B - a ring of willpower
 D - a +6 ring of intelligence
 E - a ring of positive energy
 G - a ring of see invisible
 U - a ring of willpower
Wands
 v - a wand of mindburst (20)
 L - a wand of iceblast (11)
 M - a wand of digging (4)
 N - a wand of charming (20)
 O - a wand of flame (12)
 T - a wand of polymorph (11)
Scrolls
 f - a scroll of torment
 k - a scroll of fear
 o - 4 scrolls of teleportation
 u - 7 scrolls of enchant armour
 F - 5 scrolls of blinking
 J - 2 scrolls of brand weapon
 Z - a scroll of poison
Potions
 e - 2 potions of berserk rage
 g - 8 potions of curing
 h - 7 potions of lignification
 i - 4 potions of attraction
 j - 3 potions of mutation
 l - 3 potions of ambrosia
 n - a potion of resistance
 t - 3 potions of might
 w - a potion of cancellation
 z - 4 potions of brilliance
 C - 2 potions of magic
 P - 2 potions of heal wounds
 W - 2 potions of flight
Miscellaneous
 H - a piece from Xom's chessboard (15/15)
 R - a lightning rod (4/4)
 S - a phial of floods
 X - a condenser vane
 Y - a box of beasts


   Skills:
 - Level 12.4 Fighting
 - Level 16.0 Ranged Weapons
 - Level 6.0 Armour
 - Level 10.0 Dodging
 - Level 8.0 Stealth
 - Level 7.0 Spellcasting
 - Level 7.0 Transmutations
 - Level 7.0 Fire Magic
 * Level 8.2 Poison Magic
 - Level 5.0 Invocations
 - Level 10.0 Evocations


You had 25 spell levels left.
You knew the following spells:

 Your Spells              Type           Power      Damage    Failure   Level
a - Ignite Poison         Fire/Tmut/Pois 20%        N/A       10%         3

Your spell library contained the following spells:

 Spells                   Type           Power      Damage    Failure   Level
 Sting                    Tmut/Pois      80%        1d7       3%          1
 Spider Form              Tmut/Pois      20%        N/A       9%          3
 Foxfire                  Conj/Fire      44%        2x1d6     17%         1
 Poisonous Vapours        Pois/Air       24%        N/A       21%         2
 Olgreb's Toxic Radiance  Pois           22%        N/A       24%         4
 Conjure Flame            Conj/Fire      11%        6-21      45%         3
 Magic Dart               Conj           12%        1d3       56%         1
 Mephitic Cloud           Conj/Pois/Air  9%         N/A       56%         3
 Call Imp                 Summ           3%         N/A       71%         2
 Ensorcelled Hibernation  Hex/Ice        6%         N/A       71%         2
 Sticky Flame             Conj/Fire      11%        2d3       86%         4
 Dazzling Flash           Conj/Hex       6%         N/A       91%         3
 Summon Guardian Golem    Hex/Summ       3%         N/A       91%         3
 Tukima's Dance           Hex            3%         N/A       91%         3
 Corpse Rot               Necr/Pois/Air  9%         N/A       92%         4
 Yara's Violent Unravell  Hex/Tmut       5%         3d4       99%         5
 Anguish                  Hex/Necr       1%         N/A       100%        4
 Animate Dead             Necr           3%         N/A       100%        4
 Iskenderun's Mystic Bla  Conj/Tloc      3%         2d3       100%        4
 Passage of Golubria      Tloc           3%         N/A       100%        4
 Borgnjor's Vile Clutch   Necr/Erth      1%         N/A       100%        5
 Freezing Cloud           Conj/Ice/Air   1%         6-21      100%        5
 Lightning Bolt           Conj/Air       1%         1d12      100%        5
 Silence                  Hex/Air        1%         N/A       100%        5
 Summon Mana Viper        Hex/Summ       3%         N/A       100%        5
 Conjure Ball Lightning   Conj/Air       1%         3x3d6     100%        6
 Death Channel            Necr           1%         N/A       100%        6
 Simulacrum               Ice/Necr       1%         N/A       100%        6
 Starburst                Conj/Fire      5%         6d4       100%        6
 Orb of Destruction       Conj           1%         9d5       100%        7
 Spellforged Servitor     Conj/Summ      1%         N/A       100%        7
 Lehudib's Crystal Spear  Conj/Erth      1%         10d2      100%        8
 Polar Vortex             Ice            1%         N/A       100%        9


Dungeon Overview and Level Annotations

Branches:
Dungeon (8/15)             Temple (1/1) D:7            Lair (5/5) D:8
  Swamp (2/4) Lair:3       Spider (0/4) Lair:3        Slime (0/5) Lair:4
Gauntlet (visited)

Altars:
Ashenzari
Cheibriados
Dithmenos
Elyvilon
Fedhas
Gozag
Hepliaklqana
Kikubaaqudgha
Nemelex Xobeh
Qazlal
Ru
Sif Muna
Trog
Uskayaw
Vehumet
Xom
Yredelemnul
Zin
The Shining One
Jiyva
Lugonu

Shops:
D:1 =   D:4 [[[!=   D:8 (([:=

Portals:
Abyss: Lair:5

Annotations:
D:4 Pikel
Lair:2 1 runed translucent door, Veterankin's ghost, journeyman MiFi


Innate Abilities, Weirdness & Mutations

Your life essence is reduced to manifest your ancestor. (-10% HP)
You are small and have problems with some larger weapons.
You are completely attuned to the shadows.
You possess an exceptional clarity of mind.
You are covered in fur. (AC +1)
Your muscles are strong. (Str +4, Int/Dex -1)
You expend magic power (3 MP) to strengthen your wands.


Message History

Fire: a) +4 shortbow (flame)
Press: ? - help, Shift-Dir - straight line, f/p - tyrant leech
Aim: a tyrant leech (moderately wounded, not watching you, ally target, 71% to hit)
You shoot an arrow.
The arrow closely misses the tyrant leech.
The vampire mosquito misses you.
A fenstrider witch comes into view.
The will-o-the-wisp gestures.
The will-o-the-wisp conjures some foxfire!
A foxfire comes into view.
Unknown command.
Unknown command.
Unknown command.
You enter the shallow water.
Moving in this stuff is going to be slow.
The sentinel's mark upon you fades away.
A foxfire comes into view.
The foxfire hits your six-headed hydra!!
Your six-headed hydra dies!
The foxfire hits you!!
The fenstrider witch casts a spell at you.
You suddenly lose the ability to move!
The will-o-the-wisp gestures.
The will-o-the-wisp conjures some foxfire!
A foxfire comes into view. x2
The foxfire hits you.
* * * LOW HITPOINT WARNING * * *
The tyrant leech barely misses you.
The foxfire moves out of view.
The vampire mosquito bites you but does no damage. x2
The tyrant leech barely misses you. The tyrant leech bites you.
* * * LOW HITPOINT WARNING * * *
The vampire mosquito bites you but does no damage.
The will-o-the-wisp blinks!
The tyrant leech bites you!
* * * LOW HITPOINT WARNING * * *
The tyrant leech draws strength from your injuries!
The tyrant leech bites you!
* * * LOW HITPOINT WARNING * * *
The tyrant leech draws strength from your injuries!
The tyrant leech bites you!!
You die...

#.~~≈≈≈.~ #.~~≈≈≈.>.
#~~.≈≈≈~.. #.~/~≈≈≈≈≈≈
#♣..~≈≈≈≈≈≈ #...~~~~~≈~
#..♣♣H.[~.^ #..†yw@~~~~.
..~††w♣v~~~..
~~§....~~~~.♣
♣~~~~..~~§~.♣
♣§~~~.♣...~.~
♣♣♣~§~~.~~.~§.♣ ♣♣~.~
♣~~~~~~~...~§~♣♣♣ ♣~...
♣♣♣..(..~......~<.
.♣..~♣♣♣........♣♣~~~~~.♣


You could see a fenstrider witch, 2 tyrant leeches, a will-o-the-wisp and a
vampire mosquito.

Vanquished Creatures
  5 eleionomae
  A minotaur (Gauntlet)
  6 hydras
  A boulder beetle (Lair:4)
  A ghost crab (Swamp:1)
  2 catoblepae
  5 death yaks
  A death scarab (Gauntlet)
  A thrashing horror (Lair:5)
  A fire crab (Lair:5)
  3 bog bodies
  A swamp dragon (Swamp:2)
  2 ugly things (Lair:5)
  A will-o-the-wisp (Swamp:1)
  The ghost of Juicyj the Reanimator, a novice DsNe (D:6)
  2 black mambas
  8 elephants
  A torpor snail (Lair:4)
  A smoke demon (Lair:5)
  6 cane toads
  A rime drake (Lair:5)
  6 komodo dragons
  2 ancient zymes (Lair:5)
  A troll (D:7)
  A polar bear (Lair:4)
  An ice devil (Lair:4)
  A queen bee (shapeshifter) (Lair:5)
  17 blink frogs
  2 tyrant leeches (Swamp:1)
  5 dream sheep (Lair:5)
  Sigmund (D:5)
  2 ynoxinuls (Lair:5)
  6 spriggans
  3 wyverns
  5 basilisks
  2 large abominations (Lair:5)
  A steam dragon (D:8)
  22 yaks
  A vampire mosquito (Swamp:2)
  3 swamp worms
  10 water moccasins
  3 ice beasts (D:6)
  An orc warrior (D:8)
  A sky beast (D:6)
  An ogre (D:6)
  3 black bears
  6 wolves
  2 centaurs
  4 kobold brigands
  Blork the orc (D:4)
  A necrophage (D:6)
  12 bullfrogs
  A scorpion (D:6)
  4 small abominations (Lair:5)
  A two-headed ogre simulacrum (Lair:4)
  7 wights
  9 killer bees (D:8)
  2 hounds (D:5)
  2 jellies
  A gnoll bouda (D:8)
  4 orc priests
  2 iguanas
  3 orc wizards
  A troll simulacrum (Lair:4)
  A polar bear simulacrum (Lair:4)
  A spriggan simulacrum (Lair:4)
  A mummy (D:3)
  5 adders
  9 gnolls
  3 ufetubi
  A worm (D:3)
  6 dart slugs
  19 orcs
  5 ball pythons
  7 bats
  3 endoplasms
  4 giant cockroaches
  7 goblins
  7 hobgoblins
  3 jackals (D:1)
  3 quokkas
  5 frilled lizards
  24 kobolds
  9 rats
338 creatures vanquished.

Vanquished Creatures (collateral kills)
  A thorn hunter (Swamp:1)
  3 hydras
  2 death yaks
  A thrashing horror (Lair:5)
  A fire crab (shapeshifter) (Lair:5)
  A sixfirhy (Gauntlet)
  2 bog bodies
  3 elephants (Lair:4)
  A black mamba (Lair:5)
  An ice statue (Lair:4)
  A smoke demon (Lair:5)
  A cane toad (Lair:3)
  A rime drake (Lair:4)
  A komodo dragon (Lair:5)
  2 tyrant leeches
  A merfolk (shapeshifter) (Lair:5)
  8 blink frogs
  5 dream sheep (Lair:5)
  A ynoxinul (Lair:5)
  A dire elephant simulacrum (Lair:4)
  A spriggan (Lair:4)
  3 yaks
  2 basilisks (Lair:5)
  A vampire mosquito (Swamp:2)
  3 swamp worms
  3 water moccasins
  A spectral torpor snail (Gauntlet)
  A bullfrog (Lair:1)
  A two-headed ogre simulacrum (Lair:4)
  2 wights (D:6)
  3 small abominations (Lair:5)
  An ufetubus (Gauntlet)
  An endoplasm (Lair:4)
61 creatures vanquished.

Vanquished Creatures (others)
  A hydra (Swamp:2)
  A bloated husk (Swamp:2)
  A tyrant leech (Swamp:2)
  A vampire mosquito (Swamp:2)
  5 knights
  9 ancestors
  10 foxfires
  40 fungi
  62 plants
  2 withered plants (D:6)
132 creatures vanquished.

Grand Total: 531 creatures vanquished

Notes
Turn   | Place    | Note
-------+----------+-------------------------------------------
     0 | D:1      | Newt the Kobold Hunter began the quest for the Orb.
     0 | D:1      | Reached XP level 1. HP: 12/12 MP: 1/1
    31 | D:1      | Reached XP level 2. HP: 17/17 MP: 2/2
    33 | D:1      | Reached skill level 6 in Ranged Weapons
   368 | D:1      | Reached XP level 3. HP: 21/21 MP: 3/3
   569 | D:1      | Found Ybuoti's Jewellery Emporium.
   795 | D:1      | Reached skill level 7 in Ranged Weapons
  1141 | D:2      | Identified a scroll of acquirement
  1141 | D:2      | Acquired the amulet "Eposuni" {Spirit rN+ Slay+3}
  1180 | D:2      | Reached XP level 4. HP: 26/26 MP: 4/4
  2167 | D:3      | Reached XP level 5. HP: 14/30 MP: 1/5
  2470 | D:3      | Found a snail-covered altar of Cheibriados.
  2474 | D:3      | Reached skill level 8 in Ranged Weapons
  2898 | D:3      | Found a faded altar of an unknown god.
  2923 | D:4      | Found Cydyczas's Jewellery Shoppe.
  2974 | D:4      | Noticed Blork the orc
  2978 | D:4      | Killed Blork the orc
  2979 | D:4      | Reached XP level 6. HP: 38/38 MP: 6/6
  3002 | D:4      | Found Ohekuk's Distillery.
  3036 | D:4      | Gained mutation: Your flesh is cold resistant. (rC+)
                  | [potion of mutation]
  3036 | D:4      | Gained mutation: You have a pair of small antennae on your
                  | head. [potion of mutation]
  3191 | D:4      | Reached skill level 5 in Fighting
  3453 | D:4      | Found Jyege's Antique Armour Emporium.
  3516 | D:4      | Found Kuuwk's Antique Armour Shop.
  3516 | D:4      | Noticed Pikel
  4069 | D:4      | Found Jileitoj's Antique Armour Boutique.
  4159 | D:5      | Entered Level 5 of the Dungeon
  4218 | D:6      | Reached XP level 7. HP: 20/45 MP: 3/7
  4388 | D:6      | Found a runed translucent door.
  4388 | D:6      | Noticed Juicyj's ghost (novice DsNe)
  4427 | D:6      | HP: 2/41 [wight/+4 falchion of freezing (2)]
  4687 | D:6      | Reached skill level 5 in Dodging
  4766 | D:6      | Reached XP level 8. HP: 47/51 MP: 8/8
  5093 | D:5      | Identified the +5 short sword "Foidwug" {chaos, SInv}
  5191 | D:5      | Noticed Sigmund
  5194 | D:5      | Killed Sigmund
  5195 | D:5      | Reached skill level 9 in Ranged Weapons
  5341 | D:5      | Found a large runed translucent door.
  5343 | D:5      | Found a large runed translucent door.
  5549 | D:5      | Reached skill level 10 in Ranged Weapons
  5602 | D:5      | Found a shimmering altar of Xom.
  5617 | D:5      | Found a basalt altar of Yredelemnul.
  6065 | D:5      | Found a shimmering altar of Xom.
  6244 | D:6      | Reached XP level 9. HP: 55/55 MP: 9/9
  6250 | D:6      | Reached skill level 11 in Ranged Weapons
  6373 | D:6      | Reached skill level 12 in Ranged Weapons
  6571 | D:6      | Killed Juicyj's ghost
  6572 | D:6      | Reached skill level 13 in Ranged Weapons
  6785 | D:7      | Noticed a troll
  6793 | D:7      | Killed a troll
  6951 | D:7      | Reached skill level 14 in Ranged Weapons
  7041 | D:7      | Reached XP level 10. HP: 60/60 MP: 10/10
  7076 | D:7      | Found a staircase to the Ecumenical Temple.
  7082 | Temple   | Entered the Ecumenical Temple
  7215 | Temple   | Became a worshipper of Hepliaklqana the Forgotten
  7963 | D:8      | Identified the +2 scale mail of Limited Liability {Dex+3
                  | SInv}
  8028 | D:8      | Found Lonyle's Jewellery Shoppe.
  8155 | D:8      | Found Luluep's Armour Shoppe.
  8300 | D:8      | Found Zeledwu's Weapon Boutique.
  8313 | D:8      | Found a sparkling altar of Nemelex Xobeh.
  8582 | D:8      | Found Ofogihor's Book Emporium.
  8662 | D:8      | Found Diappuill's Antique Weapon Shop.
  8805 | D:8      | Got Wipat's Papyrus of the Electric Oath
  8821 | D:8      | Found a staircase to the Lair.
  8987 | Lair:1   | Entered Level 1 of the Lair of Beasts
  9069 | Lair:1   | Noticed a catoblepas
  9077 | Lair:1   | Killed a catoblepas
  9078 | Lair:1   | Reached skill level 10 in Fighting
  9078 | Lair:1   | Reached XP level 11. HP: 57/72 MP: 7/11
  9185 | Lair:1   | Reached * piety under Hepliaklqana
  9421 | Lair:1   | Noticed a five-headed hydra
  9423 | Lair:1   | Reached skill level 15 in Ranged Weapons
  9430 | Lair:1   | Killed a five-headed hydra
  9834 | Lair:1   | Found a blossoming altar of Fedhas.
  9840 | Lair:1   | You fall into a shaft and drop 1 floor!
  9853 | Lair:2   | Reached skill level 16 in Ranged Weapons
  9858 | Lair:2   | Reached skill level 1 in Armour
 10034 | Lair:2   | Found a runed translucent door.
 10034 | Lair:2   | Found a shimmering altar of Xom.
 10034 | Lair:2   | Identified the +9 morningstar of the Bouncing Knives
                  | {chaos, rElec Str+3}
 10034 | Lair:2   | Noticed a +9 morningstar of the Bouncing Knives {chaos,
                  | rElec Str+3}
 10034 | Lair:2   | Noticed Veterankin's ghost (journeyman MiFi)
 10504 | Lair:2   | Noticed a catoblepas
 10519 | Lair:2   | Killed a catoblepas
 10525 | Lair:2   | Reached skill level 5 in Armour
 11110 | Lair:3   | Noticed a bog body
 11112 | Lair:3   | Reached XP level 12. HP: 69/69 MP: 12/12
 11120 | Lair:3   | Reached skill level 5 in Evocations
 11225 | Lair:3   | Noticed a death yak
 11229 | Lair:3   | Noticed a death yak
 11233 | Lair:3   | Noticed a death yak
 11235 | Lair:3   | Noticed a death yak
 11249 | Lair:2   | Killed a death yak
 11645 | Lair:3   | Found a staircase to the Swamp.
 11692 | Lair:2   | Killed a death yak
 11767 | Lair:3   | Noticed an eight-headed hydra
 11772 | Lair:3   | Killed an eight-headed hydra
 11811 | Lair:3   | Reached skill level 10 in Evocations
 11833 | Lair:2   | Killed a death yak
 12354 | Lair:2   | Killed a death yak
 12602 | Lair:3   | Noticed a seven-headed hydra
 12607 | Lair:3   | Killed a seven-headed hydra
 12608 | Lair:3   | Reached skill level 5 in Invocations
 12635 | Lair:3   | Noticed an eight-headed hydra
 12672 | Lair:3   | Killed an eight-headed hydra
 12842 | Lair:3   | Reached ** piety under Hepliaklqana
 12843 | Lair:3   | Remembered your ancestor Decima as a knight
 12851 | Lair:3   | Reached XP level 13. HP: 73/73 MP: 16/16
 12948 | Lair:3   | Noticed a four-headed hydra
 12952 | Lair:3   | Killed a four-headed hydra
 12953 | Lair:3   | Reached skill level 10 in Dodging
 12953 | Lair:3   | Reached skill level 5 in Stealth
 13046 | Lair:3   | Found a hole to the Spider Nest.
 13488 | Lair:4   | Found a gate leading to a gauntlet.
 13494 | Gauntlet | Entered a Gauntlet
 13494 | Gauntlet | Found a transporter.
 13529 | Gauntlet | Noticed a reaper
 13535 | Gauntlet | Found a transporter.
 13542 | Gauntlet | Noticed a blizzard demon
 13544 | Gauntlet | Found a runed translucent door.
 13552 | Gauntlet | Found a transporter.
 13562 | Gauntlet | Found a runed translucent door.
 13570 | Gauntlet | Found a transporter.
 13585 | Gauntlet | Found a transporter.
 13585 | Gauntlet | Found a transporter.
 13600 | Gauntlet | Found a transporter.
 13629 | Gauntlet | Found a transporter.
 13642 | Gauntlet | Found a transporter.
 13659 | Gauntlet | Found a transporter.
 13686 | Gauntlet | Found a transporter.
 13687 | Gauntlet | Found a transporter.
 13693 | Gauntlet | Got the Omnibus of Destructive Execration
 13830 | Gauntlet | Identified the +4 cloak "Athamacu" {rPois}
 13913 | Gauntlet | Noticed a minotaur
 13932 | Gauntlet | Killed a minotaur
 13940 | Gauntlet | Identified the +1 cloak of Unreason {Str+3 Int+2 Dex-4}
 14622 | D:4      | Bought a potion of experience for 600 gold pieces
 14622 | D:4      | Reached XP level 14. HP: 82/82 MP: 16/18
 14991 | Lair:4   | Found a viscous altar of Jiyva.
 14991 | Lair:4   | Found a staircase to the Slime Pits.
 15588 | Lair:5   | Entered Level 5 of the Lair of Beasts
 16088 | Lair:4   | Reached XP level 15. HP: 35/87 MP: 9/21
 16576 | Lair:5   | Lost mutation: You have a pair of small antennae on your
                  | head. [potion of mutation]
 16576 | Lair:5   | Lost mutation: Your flesh is cold resistant. (rC+) [potion
                  | of mutation]
 16576 | Lair:5   | Gained mutation: Your muscles are strong. (Str +4, Int/Dex
                  | -1) [potion of mutation]
 16576 | Lair:5   | Gained mutation: You possess an exceptional clarity of
                  | mind. [potion of mutation]
 16576 | Lair:5   | Gained mutation: You are covered in fur. (AC +1) [potion of
                  | mutation]
 16576 | Lair:5   | Gained mutation: You expend magic power (3 MP) to
                  | strengthen your wands. [potion of mutation]
 16583 | Lair:5   | Reached *** piety under Hepliaklqana
 16764 | Lair:5   | Reached skill level 5 in Fire Magic
 16770 | Lair:5   | Reached skill level 5 in Transmutations
 16770 | Lair:5   | Reached skill level 5 in Poison Magic
 16771 | Lair:5   | Reached skill level 5 in Spellcasting
 17249 | Lair:5   | Found a corrupted altar of Lugonu.
 17251 | Lair:5   | Found a one-way gate to the infinite horrors of the Abyss.
 17715 | Swamp:1  | Entered Level 1 of the Swamp
 17769 | Swamp:1  | Noticed a thorn hunter
 17784 | Swamp:1  | Killed a thorn hunter
 18206 | Swamp:1  | Learned a level 3 spell: Ignite Poison
 19201 | Swamp:2  | Reached **** piety under Hepliaklqana
 19216 | Swamp:2  | Noticed a fenstrider witch
 19218 | Swamp:2  | Paralysed by a fenstrider witch for 5 turns
 19221 | Swamp:2  | HP: 3/87 [tyrant leech (10)]
 19222 | Swamp:2  | Demolished by a tyrant leech

Illustrated notes

Levels and vault maps discovered:
D:1:      erik_arrival_cave_to_civilisation [erik_arrival_cave_to_hall],
          layout_basic, serial_shops, shop, st_stairs_8, minmay_door_square,
          minmay_tall_x
D:2:      layout_basic
D:3:      layout_rooms, slow_altar_1, chequers_ecumenical_altar_grove
D:4:      layout_rooms, serial_shops, shop, shop, nicolae_stop_n_shop_2,
          nicolae_stop_n_shop_2, nicolae_stop_n_shop_1, minivault_27,
          serial_bayou_lagoon_a, reono_crystal_passage, uniq_blork_the_orc,
          uniq_pikel
D:5:      due_chaos_kobolds, layout_basic, mainiacjoe_overflow_large_starburst,
          uniq_sigmund
D:6:      layout_rooms, gammafunk_ghost_grave, st_stairs_7, dk_noncrumbling_4
D:7:      layout_loops_ring, minmay_temple_entry_waves,
          chequers_serial_rivers_micro_e, minmay_misc_feat_square,
          nicolae_zen_rock_garden, st_stairs_2
D:8:      layout_rooms, mainiacjoe_overflow_six_doors_small,
          grunt_lair_entry_orc_guard_hut, serial_shops,
          nicolae_shop_behind_doors, shop, nicolae_shop_advertising_works
          [nicolae_subvault_shop_adworks], shop_fountains, nicolae_shop_trees
Temple:   nicolae_temple_great_sept
Lair:1:   layout_loops_ring, tgw_fedhas, grunt_megastairs_1
Lair:2:   layout_roguey, ebering_ghost_xom, st_stairs_8, serial_bayou_crossing
Lair:3:   layout_gridlike, skrybe_swamp_entry_bodies,
          spider_nest_entry_web_field, serial_bayou_shore_b
Lair:4:   dreamdust_isle_of_ice, layout_small_grid,
          nicolae_slime_entry_slimehenge, gauntlet_entry_generic,
          dreamdust_deal_with_the_devil, grunt_forest_small_clearings,
          wad_woods_01
Lair:5:   hellmonk_lair_end_abyssal_woods, layout_misc_corridors
Swamp:1:  layout_basic_swamp, evilmike_swamp_ruin_rubble_1,
          hangedman_swamp_diagram
Swamp:2:  gammafunk_mikee_crab_dinner, layout_basic_swamp,
          ebering_ghost_disaster_area, evilmike_swamp_ruin_house_2, swamp_pool2,
          nicolae_swamp_nymph_family_reunion, infiniplex_staircase_pool_2,
          uniq_aizul

Skill      XL: |  1  2  3  4  5  6  7  8  9 10 11 12 13 14 15 |
---------------+----------------------------------------------+-----
Ranged Weapons | 6 7 8 10 14 16 | 16.0
Fighting       | 3 5 6 10 12 | 12.4
Dodging        | 5 8 9 10 | 10.0
Evocations     | 3 4 10 | 10.0
Stealth        | 4 8 |  8.0
Armour         | 6 |  6.0
Invocations    | 5 |  5.0
Spellcasting   | 3 4 7 |  7.0
Transmutations | 3 4 7 |  7.0
Fire Magic     | 3 4 7 |  7.0
Poison Magic   | 3 4 8 |  8.2

Action                   |  1- 3 |  4- 6 |  7- 9 | 10-12 | 13-15 || total
-------------------------+-------+-------+-------+-------+-------++-------
 Fire: Shortbow          |    86 |   115 |   180 |   390 |   524 ||  1295
Invok: Recall Ancestor   |       |       |       |     1 |     1 ||     2
       Ancestor Life: Kn |       |       |       |     1 |       ||     1
       Transference      |       |       |       |       |     1 ||     1
Evoke: Wand              |       |       |       |     6 |     2 ||     8
  Use: Scroll            |     2 |     6 |    11 |     2 |    13 ||    34
       Potion            |       |     4 |     1 |     3 |     6 ||    14
Armor: Leather armour    |     5 |     8 |    21 |     2 |       ||    36
       Scale mail        |       |       |       |   106 |   109 ||   215
Dodge: Dodged            |    38 |    41 |    85 |   187 |   218 ||   569

Table legend: (Time is in decaauts)
 A = Elapsed time spent in this place.
 B = Non-inter-level travel time spent in this place.
 C = Inter-level travel time spent in this place.
 D = Time resting spent in this place.
 E = Time spent auto-exploring this place.
 F = Levels seen in this place.
 G = Mean time per level.
                   A        B        C        D        E       F      G
               +--------+--------+--------+--------+--------+-----+--------+
         Total |  19355 |  18596 |    759 |   4361 |  11564 |  17 | 1138.5 |
       Dungeon |   9163 |   8794 |    369 |   1198 |   6410 |   8 | 1145.4 |
        Temple |    146 |    119 |     27 |      0 |    103 |   1 |  146.0 |
          Lair |   8055 |   7719 |    336 |   2280 |   4416 |   5 | 1611.0 |
         Swamp |   1563 |   1537 |     26 |    755 |    594 |   2 |  781.5 |
      Gauntlet |    426 |    426 |      0 |    128 |     40 |   1 |  426.0 |
               +--------+--------+--------+--------+--------+-----+--------+

Top non-repeatable levels by time:
  Lair:2: 2207 daAuts
  Lair:4: 1847 daAuts
  Lair:5: 1645 daAuts
  Lair:3: 1464 daAuts
     D:5: 1360 daAuts
     D:8: 1323 daAuts
     D:4: 1295 daAuts
 Swamp:1: 1192 daAuts
     D:6: 1182 daAuts
     D:1: 1157 daAuts
     D:7: 1051 daAuts
     D:3: 901 daAuts
     D:2: 891 daAuts
  Lair:1: 891 daAuts
Gauntlet: 426 daAuts
